 Dungeon Sprint DCSS version 0.19.4-8-ga85b6b9 (webtiles) character file.

12300000 doot the Intangible (level 27, -52/249 HPs)
             Began as a Vampire Monk on Feb 14, 2017.
             Was the Champion of Makhleb.
             Annihilated by a fleshlord
             ... wielding a +9 great mace
              (301 damage)
             ... in the Dungeon (Sprint VIII: "Arena of Blood").
             The game lasted 00:10:56 (123 turns).

doot the Intangible (Vampire Monk)                   Turns: 123, Time: 00:10:59

Health: -52/249    AC:  4    Str: 10    XL:     27
Magic:  37/54      EV: 38    Int: 15    God:    Makhleb [******]
Gold:   0          SH:  0    Dex: 27    Spells: 0 memorised, 80 levels left

rFire  . . .     SeeInvis +     i - +∞ Axe of Woe
rCold  . . .     Gourm    .     a - +0 robe
rNeg   + . .     Faith    .     (shield currently unavailable)
rPois  .         Spirit   .     (no helmet)
rElec  .         Reflect  .     (no cloak)
rCorr  .         Harm     .     (no gloves)
MR     ++...     NoTele   +     (no boots)
Stlth  +++++++++.               (no amulet)
                                (no ring)
                                (no ring)

@: exhausted, very slightly contaminated, slowed, very slow
A: fangs 3, see invisible, unbreathing
a: Bat Form, Minor Destruction, Lesser Servant of Makhleb, Major Destruction,
Greater Servant of Makhleb, Renounce Religion


You were in the Dungeon.
You worshipped Makhleb.
Makhleb was exalted by your worship.
You were not thirsty.

You visited 1 branch

Inventory:

Hand Weapons
 i - the +∞ Axe of Woe (weapon)
   (You found it in the Dungeon)
Armour
 a - a +0 robe (worn)
Potions
 c - a potion of curing
 f - 2 potions of magic


   Skills:
 O Level 27 Fighting
 O Level 27 Axes
 O Level 27 Throwing
 O Level 27 Armour
 O Level 27 Dodging
 O Level 27 Stealth
 O Level 27 Unarmed Combat
 O Level 27 Spellcasting
 O Level 27 Invocations


You had 80 spell levels left.
You didn't know any spells.

Dungeon Overview and Level Annotations

Branches:
Dungeon (1/1)

Altars:
Makhleb


Innate Abilities, Weirdness & Mutations

You have razor-sharp teeth.
You have supernaturally acute eyesight. (SInv)
You can survive without breathing.


Message History

The large abomination disappears in a puff of smoke!
The tentacled monstrosity disappears in a puff of smoke! x2
The large abomination disappears in a puff of smoke! x3
The tentacled monstrosity disappears in a puff of smoke! x2
You hit the bag of meat.
You slaughter the bag of meat joyfully.
You kill the bag of meat!
Makhleb accepts your kill.
You slash the bag of meat!
You hew the bag of meat savagely.
You kill the bag of meat!
Makhleb accepts your kill.
You hit the tyrant. You chop the tyrant into pieces.
You destroy the tyrant!
Makhleb accepts your kill.
You hit the observer. You chop the observer into pieces.
You kill the observer!
Makhleb accepts your kill.
You hear a shout! x3
The fleshlord hits you with a +9 great mace!!!!!!
Ouch! That really hurt!
You die...

...............#
....................o.
...................Woo
......D).).......oWo.
......)§).......Co...
.#...)))o#.....po...
#...))).# xo..V.o..
.###.%))))o###)C.o....
.....%#.)%)).p@)o.....
......)_))%.))))......
....#..))§#..§ooS.#p#.
....#_.<%_#§..§§.....
.. #.).).#§.....#.#.#
......)_)...§.........
......###.§.....%S#.#.
.###.. ...###..p.. .
#.§ ..%# .


You could see a destroyer, 2 scourges, 4 fleshlords, 2 large bags of meat, a
wretched soul (invisible), a dread, 14 bags of meat and a crawling corpse.

Vanquished Creatures
  7 hell beasts (D)
  5 greater mummies (D)
  3 great orbs of eyes (D)
  4 wraiths (D)
  Harold (D)
  14 vampire knights (D)
  32 ogres (D)
  9 liches (D)
  3 hydras (D)
  83 orcs (D)
  4 phantoms (D)
  8 hill giants (D)
  4 skeletal warriors (D)
  5 sea snakes (D)
  9 large abominations (D)
  8 small abominations (D)
  5 crawling corpses (D)
204 creatures vanquished.

Vanquished Creatures (collateral kills)
  2 crawling corpses (D)
2 creatures vanquished.

Vanquished Creatures (others)
  4 crawling corpses (D)
4 creatures vanquished.

Grand Total: 210 creatures vanquished

Notes
Turn   | Place    | Note
-------+----------+-------------------------------------------
     0 | D        | doot the Vampire Monk began the quest for the Orb.
     0 | D        | Reached XP level 1. HP: 17/17 MP: 1/1
     2 | D        | Noticed a bag of meat
     2 | D        | Became a worshipper of Makhleb the Destroyer
     2 | D        | Reached * piety under Makhleb
     2 | D        | Reached ** piety under Makhleb
     3 | D        | Noticed a bag of meat
     4 | D        | Noticed a bag of meat
     5 | D        | Noticed a bag of meat
     7 | D        | Noticed a meat berserker
     8 | D        | Noticed a bag of meat
     8 | D        | Killed a bag of meat
     8 | D        | Reached skill level 15 in Fighting
     8 | D        | Reached skill level 10 in Stealth
     8 | D        | Reached XP level 2. HP: 44/44 MP: 2/2
     8 | D        | Reached XP level 3. HP: 50/50 MP: 3/3
     8 | D        | Reached XP level 4. HP: 57/57 MP: 4/4
     8 | D        | Reached XP level 5. HP: 63/63 MP: 5/5
     8 | D        | Reached XP level 6. HP: 70/70 MP: 6/6
     8 | D        | Reached XP level 7. HP: 76/76 MP: 7/7
     8 | D        | Reached XP level 8. HP: 83/83 MP: 8/8
     8 | D        | Reached XP level 9. HP: 89/89 MP: 9/9
     8 | D        | Reached XP level 10. HP: 96/96 MP: 10/10
     8 | D        | Reached XP level 11. HP: 102/102 MP: 11/11
     8 | D        | Killed a meat berserker
     8 | D        | Reached XP level 12. HP: 117/117 MP: 12/12
     8 | D        | Reached XP level 13. HP: 124/124 MP: 13/13
     9 | D        | Noticed a bag of meat
     9 | D        | Killed a bag of meat
     9 | D        | Reached XP level 14. HP: 134/134 MP: 14/14
    10 | D        | Noticed a bag of meat
    10 | D        | Noticed a bag of meat
    10 | D        | Killed a bag of meat
    10 | D        | Reached *** piety under Makhleb
    11 | D        | Noticed a bag of meat
    11 | D        | Noticed a bag of meat
    11 | D        | Killed a bag of meat
    11 | D        | Reached XP level 15. HP: 144/144 MP: 15/15
    13 | D        | Reached skill level 15 in Stealth
    14 | D        | Reached **** piety under Makhleb
    16 | D        | Reached skill level 27 in Dodging
    16 | D        | Reached XP level 16. HP: 157/157 MP: 16/16
    16 | D        | Reached skill level 15 in Axes
    16 | D        | Reached skill level 27 in Unarmed Combat
    19 | D        | Noticed a meat berserker
    19 | D        | Reached ***** piety under Makhleb
    19 | D        | Reached XP level 17. HP: 173/173 MP: 16/19
    20 | D        | Noticed a destroyer
    20 | D        | Noticed a large bag of meat
    20 | D        | Noticed a destroyer
    22 | D        | Noticed a large bag of meat
    22 | D        | Noticed a large bag of meat
    22 | D        | Noticed a destroyer
    22 | D        | Killed a destroyer
    22 | D        | Reached skill level 27 in Fighting
    23 | D        | Noticed a destroyer
    23 | D        | Noticed a meat berserker
    23 | D        | Killed a destroyer
    23 | D        | Reached skill level 27 in Axes
    23 | D        | Reached XP level 18. HP: 182/182 MP: 16/28
    23 | D        | Reached skill level 27 in Stealth
    24 | D        | Noticed a meat berserker
    24 | D        | Reached XP level 19. HP: 189/189 MP: 16/34
    25 | D        | Killed a destroyer
    25 | D        | Reached skill level 27 in Invocations
    26 | D        | Reached ****** piety under Makhleb
    26 | D        | Reached skill level 10 in Throwing
    26 | D        | Reached skill level 10 in Armour
    26 | D        | Reached XP level 20. HP: 197/197 MP: 17/37
    27 | D        | Killed a meat berserker
    27 | D        | Reached skill level 15 in Spellcasting
    28 | D        | Noticed The Servant
    28 | D        | Reached skill level 15 in Throwing
    28 | D        | Reached skill level 15 in Armour
    29 | D        | Killed a meat berserker
    29 | D        | Reached XP level 21. HP: 204/204 MP: 17/45
    29 | D        | Killed a destroyer
    30 | D        | Reached XP level 22. HP: 212/212 MP: 17/51
    31 | D        | Noticed a destroyer
    33 | D        | Killed The Servant
    33 | D        | Reached skill level 27 in Throwing
    33 | D        | Reached skill level 27 in Spellcasting
    33 | D        | Reached skill level 27 in Armour
    33 | D        | Reached XP level 23. HP: 219/219 MP: 18/54
    34 | D        | Noticed a destroyer
    36 | D        | Reached XP level 24. HP: 227/227 MP: 19/54
    37 | D        | Killed a destroyer
    38 | D        | Reached XP level 25. HP: 234/234 MP: 19/54
    39 | D        | Killed a destroyer
    43 | D        | Noticed a destroyer
    44 | D        | Noticed a tyrant
    44 | D        | Noticed a destroyer
    45 | D        | Killed a destroyer
    45 | D        | Reached XP level 26. HP: 229/242 MP: 21/54
    47 | D        | Noticed an accursed
    47 | D        | Killed a tyrant
    48 | D        | Killed a destroyer
    50 | D        | Noticed an accursed
    51 | D        | Reached XP level 27. HP: 249/249 MP: 23/54
    53 | D        | Noticed a destroyer
    54 | D        | Noticed a tyrant
    54 | D        | Noticed a tyrant
    56 | D        | Noticed an accursed
    56 | D        | Killed an accursed
    57 | D        | Noticed a destroyer
    58 | D        | Killed a destroyer
    60 | D        | Killed a tyrant
    63 | D        | Noticed a dread
    63 | D        | Noticed a dread
    64 | D        | Killed an accursed
    65 | D        | Noticed a meat beast
    66 | D        | Noticed a destroyer
    66 | D        | Noticed a tyrant
    68 | D        | Killed a meat beast
    69 | D        | Noticed a dread
    70 | D        | Killed a tyrant
    70 | D        | Killed a destroyer
    71 | D        | Noticed a destroyer
    74 | D        | Killed an accursed
    74 | D        | Killed a destroyer
    75 | D        | Killed a dread
    76 | D        | Killed a dread
    76 | D        | Killed a dread
    78 | D        | Noticed an accursed
    79 | D        | Noticed a dread
    79 | D        | Killed a destroyer
    87 | D        | Killed a tyrant
    88 | D        | Noticed a meat beast
    90 | D        | Killed an accursed
    92 | D        | Noticed a destroyer
    93 | D        | Killed a meat beast
    94 | D        | Noticed an accursed
    95 | D        | Killed a destroyer
    96 | D        | Noticed a tyrant
    97 | D        | Killed a dread
   106 | D        | Noticed a meat beast
   106 | D        | Noticed a destroyer
   106 | D        | Noticed a meat beast
   107 | D        | Noticed a meat beast
   108 | D        | Noticed a meat beast
   108 | D        | Noticed a tyrant
   110 | D        | Noticed a tyrant
   110 | D        | Killed a meat beast
   111 | D        | Noticed a meat beast
   112 | D        | Killed a meat beast
   112 | D        | Killed an accursed
   113 | D        | Killed a meat beast
   113 | D        | Killed a meat beast
   113 | D        | Killed a tyrant
   115 | D        | Noticed a tyrant
   116 | D        | Noticed a tyrant
   116 | D        | Killed a tyrant
   117 | D        | Noticed a destroyer
   118 | D        | Noticed a fleshlord
   119 | D        | Noticed a dread
   119 | D        | Killed a meat beast
   120 | D        | Noticed a fleshlord
   121 | D        | Killed a destroyer
   122 | D        | Killed a tyrant
   123 | D        | Noticed a fleshlord
   123 | D        | Noticed a fleshlord
   123 | D        | Killed a tyrant
   123 | D        | Killed a tyrant
   123 | D        | Annihilated by a fleshlord

Skill      XL: |  1  2  3  4  5  6  7  8  9 10 11 12 13 14 15 16 17 18 19 20 21 22 |
---------------+-------------------------------------------------------------------+-----
Fighting       | 15 18 19 21 23 26 27 | 27.0
Axes           | 3 6 7 9 13 18 27 | 27.0
Dodging        | 17 21 22 24 27 | 27.0
Stealth        | 10 12 13 14 16 18 24 27 | 27.0
Unarmed Combat | 17 21 22 24 26 27 | 27.0
Invocations    | 3 14 23 27 | 27.0
Throwing       | 10 19 23 27 | 27.0
Armour         | 10 18 23 27 | 27.0
Spellcasting   | 11 20 25 27 | 27.0

Action                   |  1- 3 |  4- 6 |  7- 9 | 10-12 | 13-15 | 16-18 | 19-21 | 22-24 | 25-27 || total
-------------------------+-------+-------+-------+-------+-------+-------+-------+-------+-------++-------
Melee: Executioner's axe |     1 |       |       |       |     6 |     5 |     6 |     7 |    61 ||    86
Invok: Major Destruction |       |       |       |       |       |     1 |       |       |       ||     1
       Greater Servant o |       |       |       |       |       |       |       |       |     4 ||     4
  Use: Potion            |       |       |       |       |       |       |       |       |     4 ||     4
       Scroll            |       |       |       |       |       |       |       |       |     1 ||     1
Armor: Robe              |       |       |       |       |       |       |       |       |     2 ||     2
Dodge: Dodged            |       |       |       |       |       |       |       |     1 |     8 ||     9
